 Dungeon Crawl Stone Soup version 0.22-a0-570-g58866f5d57 (webtiles) character file.

597 PikkenKukken the Distorting Demonspawn (level 7, 0/60 HPs)
             Began as a Demonspawn Abyssal Knight on June 30, 2018.
             Was a Believer of Lugonu.
             Slain by a hound (2 damage)
             ... on level 4 of the Dungeon.
             The game lasted 00:09:27 (4690 turns).

PikkenKukken the Distorting Demonspawn (DsAK)       Turns: 4690, Time: 00:09:28

Health: 0/60       AC:  4    Str: 15    XL:     7   Next: 17%
Magic:  0/10       EV: 13    Int: 13    God:    Lugonu [**....]
Gold:   138        SH:  6    Dex: 14    Spells: 6/6 levels left

rFire    . . .     SeeInvis .   a - +1 hand axe
rCold    . . .     Gourm    .   (no shield)
rNeg     . . .     Faith    .   b - +0 leather armour
rPois    +         Spirit   +   k - +0 helmet
rElec    .         Reflect  .   (no cloak)
rCorr    .         Harm     .   (no gloves)
MR       .....                  (no boots)
Stlth    +.........             (no amulet)
HPRegen  0.20/turn              p - ring of poison resistance
MPRegen  0.12/turn              (no ring)

@: no status effects
A: large bone plates 2, agile 1, poison resistance, robust 1, magic shield
a: Depart the Abyss, Bend Space, Renounce Religion


You were on level 4 of the Dungeon.
You worshipped Lugonu.
Lugonu was pleased with you.
You were not hungry.

You visited 1 branch of the dungeon, and saw 4 of its levels.
You visited the Abyss 1 time.

You collected 138 gold pieces.

Inventory:

Hand Weapons
 a - a +1 hand axe (weapon)
Missiles
 m - 88 arrows
 n - 71 bolts
Armour
 b - a +0 leather armour (worn)
 k - a +0 helmet (worn)
Jewellery
 p - a ring of poison resistance (left hand)
Scrolls
 o - a scroll of remove curse
Potions
 d - 2 potions of curing
 g - a potion of might
 h - a potion of flight {unknown}
 i - 2 potions of lignification {unknown}
 j - 2 potions of invisibility
 l - a potion of ambrosia {unknown}
 q - a potion of brilliance {unknown}
Comestibles
 c - 3 rations
 f - 3 chunks of flesh


   Skills:
 + Level 4.5 Fighting
 + Level 3.6 Axes
 + Level 3.5 Armour
 + Level 3.0 Dodging
 + Level 5.0 Invocations


You had 6 spell levels left.
You didn't know any spells.
Your spell library was empty.

Dungeon Overview and Level Annotations

Branches:
Dungeon (4/15)
 Temple: D:4-7

Altars:
Ashenzari
Ru
Wu Jian


Innate Abilities, Weirdness & Mutations

You are mostly covered in large bone plates. (SH +6)
When hurt, damage is shared between your health and your magic reserves.
You are agile. (Dex +2)
Your system is resistant to poisons. (rPois)
You are robust. (+10% HP)


Message History

a shortbow; 10 arrows You miss the hound.
The hound is heavily wounded.
The hound bites you.
* * * LOW HITPOINT WARNING * * *
You block the hound's attack.
You closely miss the hound.
The hound is heavily wounded.
You block the hound's attack.
You hit the hound.
The hound is heavily wounded.
The hound barely misses you. The hound misses you.
You closely miss the hound.
The hound is heavily wounded.
The hound closely misses you. The hound bites you.
* * * LOW HITPOINT WARNING * * *
You hit the hound.
The hound is severely wounded.
The hound completely misses you. The hound bites you.
You die...

# #.#.........# ##..####)
###.......# ##.# #[
########.......# #.. #.
#..............# ##.###'
#.#####..(.....# #.....
#........#(....# # .##.....
#.....##.#.(...#'###. ........
#............h....... .##...#'
##....#......@.....# #...c#.
##.###.#..........# #......
#......#.....#.#... #...#..
########.###.#.#### #...#..
#............... #...#..
#.######.#######.. #.(.'.>
#................# #...#..
###############.#####..####...#..
#.....#########.# .........##..


You could see a hound.

Vanquished Creatures
  A phantom (D:4)
  An ogre (D:4)
  A centaur (D:4)
  2 howler monkeys
  2 centaur skeletons (D:4)
  A hound (D:4)
  An orc wizard (D:4)
  An iguana (D:3)
  3 adders
  An ooze (D:1)
  2 worms (D:3)
  4 dart slugs
  3 leopard geckos
  4 orcs
  4 giant cockroaches
  10 goblins
  5 hobgoblins
  7 jackals (D:2)
  11 kobolds
  A ball python (D:1)
  9 bats
  A quokka skeleton (D:4)
  7 rats
82 creatures vanquished.

Notes
Turn   | Place    | Note
-------+----------+-------------------------------------------
     0 | Abyss:1  | PikkenKukken the Demonspawn Abyssal Knight began the quest for the Orb.
     0 | Abyss:1  | Reached XP level 1. HP: 18/18 MP: 2/2
   117 | Abyss:1  | Noticed a wretched star
   118 | D:1      | Escaped the Abyss
   254 | D:1      | Reached skill level 1 in Dodging
   308 | D:1      | Gained mutation: When hurt, damage is shared between your health and your magic reserves. [demonic ancestry]
   308 | D:1      | Reached XP level 2. HP: 23/24 MP: 3/3
   314 | D:1      | Reached * piety under Lugonu
   651 | D:1      | Reached XP level 3. HP: 29/29 MP: 5/5
   669 | D:1      | Reached skill level 3 in Invocations
  1395 | D:2      | Gained mutation: Your system is resistant to poisons. (rPois) [potion of mutation]
  1395 | D:2      | Gained mutation: You are robust. (+10% HP) [potion of mutation]
  1395 | D:2      | Gained mutation: You are agile. (Dex +2) [potion of mutation]
  1596 | D:2      | Reached ** piety under Lugonu
  1596 | D:2      | Reached XP level 4. HP: 21/38 MP: 3/6
  2977 | D:3      | Found a shattered altar of Ashenzari.
  3073 | D:3      | Found a sacrificial altar of Ru.
  3073 | D:3      | Found an ornate altar of the Wu Jian Council.
  3445 | D:3      | Gained mutation: You are partially covered in large bone plates. (SH +4) [demonic ancestry]
  3445 | D:3      | Reached XP level 5. HP: 16/46 MP: 5/7
  3691 | D:4      | Noticed an ogre
  3702 | D:4      | Killed an ogre
  3702 | D:4      | Reached skill level 4 in Invocations
  3790 | D:4      | Noticed a phantom
  3881 | D:4      | Killed a phantom
  3881 | D:4      | Gained mutation: You are mostly covered in large bone plates. (SH +6) [demonic ancestry]
  3881 | D:4      | Reached XP level 6. HP: 9/52 MP: 2/9
  4630 | D:4      | Reached XP level 7. HP: 55/60 MP: 10/10
  4684 | D:4      | Reached skill level 5 in Invocations
  4689 | D:4      | HP: 2/60 [hound (3)]
  4690 | D:4      | Slain by a hound

Vault maps used:
D:1:      lightli_arrival_farm
D:3:      overflow_temple_1_default, gammafunk_temple_overflow_elements,
          first_ration
D:4:      lemuel_upstairs_altar

Skill      XL: |  1  2  3  4  5  6  7 |
---------------+----------------------+-----
Axes           | 2 3 |  3.6
Dodging        | 1 2 3 |  3.0
Armour         | 2 3 |  3.5
Invocations    | 3 4 5 |  5.0
Fighting       | 4 |  4.5

Action                   |  1- 3 |  4- 6 |  7- 9 || total
-------------------------+-------+-------+-------++-------
Melee: Hand axe          |   153 |   231 |    21 ||   405
Invok: Depart the Abyss  |     1 |       |       ||     1
  Use: Scroll            |     2 |     4 |     1 ||     7
       Potion            |     1 |     3 |       ||     4
 Stab: Sleeping          |       |     4 |       ||     4
  Eat: Chunk             |     2 |     7 |       ||     9
       Ration            |       |     1 |       ||     1
Armor: Leather armour    |    45 |    43 |     6 ||    94
Dodge: Dodged            |   111 |   137 |    22 ||   270
Block: Other             |       |    36 |     9 ||    45

Table legend:
 A = Spawn XP
 B = Non-spawn XP
 C = Spawn XP percentage of total XP
 D = Spawn monster count
 E = Non-spawn monster count
 F = Spawn count percentage of total count
 G = Total turns spent on level
                    A         B        C        D         E        F      G
               +---------+---------+-------+---------+---------+-------+---------
         Total |       0 |     854 |   0.0 |       0 |      82 |   0.0 |  4690
               +---------+---------+-------+---------+---------+-------+---------
           D:1 |       0 |      53 |   0.0 |       0 |      28 |   0.0 |  1034
           D:2 |       0 |      58 |   0.0 |       0 |      18 |   0.0 |  1158
           D:3 |       0 |     156 |   0.0 |       0 |      23 |   0.0 |  1820
           D:4 |       0 |     587 |   0.0 |       0 |      13 |   0.0 |   560
               +---------+---------+-------+---------+---------+-------+---------
